 Dungeon Crawl Stone Soup version 0.27.0-1-g7a089689b8 (console) character file.

Game seed: 15069842664110661802

137314 FIQ the Slayer (level 17, -9/124 (146) HPs)
             Began as a Djinni Wanderer on Aug 7, 2021.
             Was the Champion of Makhleb.
             Killed from afar by a necromancer (30 damage)
             ... with a bolt of negative energy
             ... on level 14 of the Dungeon.
             The game lasted 02:26:46 (37648 turns).

FIQ the Slayer (Djinni Wanderer)                   Turns: 37648, Time: 02:26:46

HP:   -9/124 (146)  AC: 13    Str: 15    XL:     17   Next: 83%
Gold: 2063          EV: 11    Int: 23    God:    Makhleb [******] SH:  0 Dex: 20

rFire    + + .     SeeInvis .   z - +0 hand axe {flame, rElec rC+ Will+}
rCold    + . .     Faith    .   (no shield)
rNeg     . . .     Spirit   .   p - +2 troll leather armour
rPois    ∞         Reflect  .   C - +2 helmet {Int+3}
rElec    +         Harm     .   a - +0 cloak
rCorr    .         Rampage  .   e - +2 pair of gloves {Stlth+}
Will     +++..                  (boots unavailable)
Stlth    +++.......             r - amulet of Ruegydie {Acrobat Will+ Dex+4 Stlth+}
HPRegen  1.30/turn              m - ring of protection from cold
MPRegen  0.00/turn              x - +6 ring of strength

@: flying, studying Shields, heavily drained
A: sickness immunity, fire resistance 2, cold vulnerability 1, float, innate
caster, hp casting, extra vitality 1
a: Renounce Religion, Minor Destruction, Lesser Servant of Makhleb, Major
Destruction, Greater Servant of Makhleb


You were on level 14 of the Dungeon.
You worshipped Makhleb.
Makhleb was exalted by your worship.
You visited 5 branches of the dungeon, and saw 25 of its levels.
You also visited: Bailey.

You collected 3314 gold pieces.
You spent 1251 gold pieces at shops.

Inventory:

Hand Weapons
 z - the +0 hand axe "Concordance" (weapon) {flame, rElec rC+ Will+}
   (You bought it in a shop on level 2 of the Orcish Mines)

   It burns those it strikes, dealing additional fire damage.
   Big, fiery blades are also staple armaments of hydra-hunters.
   rC:        It protects you from cold.
   rElec:     It insulates you from electricity.
   Will:      It increases your willpower.
 M - the +9 falchion "Widowermaker" {speed, rC+ Stlth+}
   (You found it on level 3 of the Lair of Beasts)

   Attacks with this weapon are significantly faster.
   rC:        It protects you from cold.
   Stlth:     It makes you more stealthy.
Missiles
 i - 8 throwing nets
 y - 82 boomerangs
Armour
 a - a +0 cloak (worn)
 e - a +2 pair of gloves of stealth (worn)
 k - the -6 cloak of Mylin {Int+4}
   (You bought it in a shop on level 2 of the Orcish Mines)

   Int:       It affects your intelligence (+4).
 p - a +2 troll leather armour (worn)
 C - a +2 helmet of intelligence (worn)
 U - the +4 leather armour of Shadows and Fog {*Slow +Blink rPois Will+++}
   (You found it on level 5 of the Lair of Beasts)

   rPois:     It protects you from poison.
   +Blink:    It lets you blink.
   *Slow:     It may slow you when you take damage.
   Will:      It greatly increases your willpower.
Jewellery
 h - a +4 ring of evasion
 m - a ring of protection from cold (left hand)
 r - the amulet of Ruegydie (around neck) {Acrobat Will+ Dex+4 Stlth+}
   (You found it on level 7 of the Dungeon)

   [amulet of the acrobat]

   It increases your evasion while moving and waiting.
   Dex:       It affects your dexterity (+4).
   Will:      It increases your willpower.
   Stlth:     It makes you more stealthy.
 x - a +6 ring of strength (right hand)
 G - an amulet of faith
 H - an amulet of reflection
 P - a ring of protection from cold
 T - a ring of willpower
 W - the ring "Zil Qian" {Fire Contam Fly rPois rCorr}
   (You found it on level 6 of the Lair of Beasts)

   [ring of fire]

   It enhances your fire magic.
   rF:        It protects you from fire.
   rC:        It makes you vulnerable to cold.
   rPois:     It protects you from poison.
   Fly:       It grants you flight.
   Contam:    It causes magical contamination when unequipped.
   rCorr:     It protects you from acid and corrosion.
 Y - a ring of protection from cold
 Z - a ring of protection from cold
Wands
 c - a wand of iceblast (16)
 n - a wand of mindburst (9)
 s - a wand of digging (6)
 u - a wand of charming (15)
 D - a wand of polymorph (23)
 F - a wand of flame (74)
 K - a wand of paralysis (13)
 L - a wand of acid (30)
Scrolls
 d - 6 scrolls of teleportation
 j - a scroll of fear
 v - 5 scrolls of magic mapping
 A - 2 scrolls of enchant weapon
 E - a scroll of fog
 Q - 9 scrolls of identify
 V - a scroll of silence
Potions
 g - 2 potions of lignification
 l - 4 potions of flight
 o - 4 potions of attraction
 q - 3 potions of berserk rage
 t - 7 potions of mutation
 B - 7 potions of brilliance
 I - 6 potions of might
 J - 2 potions of cancellation
 N - 6 potions of curing
 O - a potion of magic
 R - 2 potions of resistance
Miscellaneous
 b - a piece from Xom's chessboard (15/15)
 f - a condenser vane
 w - a phantom mirror
 S - a condenser vane


   Skills:
 + Level 21.2 Fighting
 - Level 1.0 Shields
 + Level 18.3 Spellcasting
 - Level 1.0 Evocations


You had 6 spell levels left.
You knew the following spells:

 Your Spells              Type           Power      Damage    Failure   Level
a - Magic Dart            Conj           100%       1d8       0%          1
b - Blink                 Tloc           N/A        N/A       0%          2
c - Call Imp              Summ           81%        N/A       0%          2
d - Slow                  Hex            81%        N/A       0%          2
e - Conjure Flame         Conj/Fire      81%        6-21      0%          3
f - Mephitic Cloud        Conj/Pois/Air  81%        N/A       0%          3
g - Foxfire               Conj/Fire      100%       2x1d9     0%          1
h - Corpse Rot            Necr/Air       N/A        N/A       0%          2
i - Vampiric Draining     Necr           40%        2d11      0%          3
j - Summon Ice Beast      Ice/Summ       81%        N/A       0%          4
k - Silence               Hex/Air        40%        N/A       1%          5
l - Bolt of Magma         Conj/Fire/Erth 40%        4d17      1%          5
m - Invisibility          Hex            40%        N/A       1%          6
n - Monstrous Menagerie   Summ           40%        N/A       1%          7

Your spell library contained the following spells:

 Spells                   Type           Power      Damage    Failure   Level


Dungeon Overview and Level Annotations

Branches:
Dungeon (15/15)            Temple (1/1) D:7            Lair (6/6) D:8
  Swamp (0/4) Lair:2        Snake (0/4) Lair:4        Slime (0/5) Lair:5
    Orc (2/2) D:12            Elf (1/3) Orc:2        Vaults (0/5) D:14
 Bailey (visited)
 Depths: D:15

Altars:
Ashenzari
Cheibriados
Dithmenos
Elyvilon
Fedhas
Gozag
Hepliaklqana
Kikubaaqudgha
Makhleb
Nemelex Xobeh
Okawaru
Qazlal
Ru
Sif Muna
Trog
Uskayaw
Vehumet
Wu Jian
Xom
Yredelemnul
Zin
The Shining One

Shops:
D:1 (   D:2 :   D:6 *   D:7 *   D:10 *   Orc:2 (:[*

Portals:
Trove: D:13 (give 5 scrolls of fear)
Desolation: Elf:1

Annotations:
Lair:6 Dwachs's ghost, journeyman OgFi


Innate Abilities, Weirdness & Mutations

You are immune to sickness and miasma.
You are immune to poison.
Your flesh is very heat resistant. (rF++)
You are vulnerable to cold. (rC-)
You float through the air rather than walking.
You learn spells naturally, not from books.
Your magical power is your life essence.
You have superior vitality. (+4 HP)


Message History

Aiming: Bolt of Magma (safe; 1% risk of failure)
Press: ? - help, Shift-Dir - straight line, f - you, p - necromancer That beam is likely to hit you.
Continue anyway? [Y]es or [N]o only, please.
That beam is likely to hit you.
Continue anyway? [Y]es or [N]o only, please.
That beam is likely to hit you.
Continue anyway?
Okay, then.
Unknown command.
Unknown command.
Casting: Bolt of Magma (safe; 1% risk of failure)
Confirm with . or Enter, or press ? or * to list all spells.
Aiming: Bolt of Magma (safe; 1% risk of failure)
Press: ? - help, Shift-Dir - straight line, f - necromancer
Aim: a necromancer, wielding a +1 dagger of electrocution and wearing a +0 robe (64% to hit)
The bolt of magma misses the necromancer.
* * * LOW HITPOINT WARNING * * *
The skeletal warrior misses you. The necromancer closely misses you.
Press: ? - help, v - describe, . - travel
Here: a necromancer, wielding a +1 dagger of electrocution and wearing a +0 robe The floor.
Unknown command.
Unknown command.
The skeletal warrior hits you from afar with a +0 halberd.
* * * LOW HITPOINT WARNING * * *
The necromancer hits you with a +1 dagger of electrocution.
* * * LOW HITPOINT WARNING * * *
You fly upwards.
There is a stone staircase leading down here.
Casting: Bolt of Magma (safe; 1% risk of failure)
Confirm with . or Enter, or press ? or * to list all spells.
Aiming: Bolt of Magma (safe; 1% risk of failure)
Press: ? - help, Shift-Dir - straight line, f - necromancer
Aim: a necromancer, wielding a +1 dagger of electrocution and wearing a +0 robe (64% to hit)
The bolt of magma hits the necromancer!!
The necromancer is heavily wounded.
* * * LOW HITPOINT WARNING * * *
The necromancer points at you and mumbles some strange words.
The bolt of negative energy hits you!!
You feel drained.
You die...

#.......#############
#...................#
#...................#
#...................#
#...................#######
#..........................
######...#####..........#'#
#...#...'..........#..
#...#@..#..........#..
#...'p..#..........#..
#...#...#..........###
#...#...#.............
#...#...#.##'####....#
#...#...#.#.....#....#
######...#####.#.....#....#
#..............#.....#....#
#..............#.....#...>#


You could see a necromancer.

Vanquished Creatures
  Agnes (D:14)
  An orc warlord (Orc:2)
  A frost giant (D:14)
  Nessos (D:13)
  The ghost of Hank the Fighter, a journeyman MiFi of Okawaru (D:12)
  Josephine (Orc:1)
  An ettin (D:14)
  A fire dragon (D:14)
  A yaktaur captain (D:14)
  A rakshasa (D:15)
  Harold (D:9)
  Erolcha (D:9)
  8 vault guards (D:14)
  11 hydras
  3 boulder beetles
  An ogre mage (D:14)
  7 centaur warriors
  5 catoblepae
  23 death yaks
  10 two-headed ogres
  2 tengu warriors (D:14)
  4 orc high priests (Orc:2)
  Erica (D:8)
  A fire crab (shapeshifter) (D:14)
  A skeletal warrior (D:15)
  A goliath frog (shapeshifter) (D:14)
  A bog body (Lair:2)
  2 swamp dragons (Lair:4)
  A phantasmal warrior (D:15)
  A deep elf archer (D:14)
  2 deep elf zephyrmancers (Orc:2)
  A sphinx zombie (D:15)
  10 ugly things
  10 orc knights
  4 orc sorcerers (Orc:2)
  10 manticores
  A wolf spider (D:15)
  12 cyclopes
  10 elephants
  4 black mambas
  12 cane toads
  A gargoyle (D:12)
  2 torpor snails (Lair:6)
  A stone giant skeleton (D:15)
  4 unseen horrors (D:11)
  4 rime drakes (Lair:6)
  11 komodo dragons
  Psyche (D:8)
  A yaktaur (shapeshifter) (D:13)
  A troll (shapeshifter) (D:14)
  6 trolls
  3 hornets
  3 polar bears
  A blink frog (shapeshifter) (D:14)
  22 blink frogs
  A wolf spider simulacrum (D:12)
  6 dream sheep (Lair:5)
  10 slime creatures
  Sigmund (D:6)
  A centaur simulacrum (D:14)
  2 wyverns (Lair:4)
  A water elemental (D:11)
  3 wraiths (Orc:1)
  2 vampires
  65 yaks
  15 vampire mosquitoes
  A death yak simulacrum (Lair:6)
  5 basilisks
  4 steam dragons
  3 wargs
  Edmund (D:6)
  3 acid dragons
  3 nagas (Lair:4)
  10 water moccasins
  A floating eye (D:11)
  A swamp drake (Orc:2)
  An ice beast (shapeshifter) (D:14)
  42 orc warriors
  3 black bears
  A necrophage (D:4)
  A black mamba simulacrum (Lair:6)
  5 ogres
  16 wolves
  11 centaurs
  A boggart (D:14)
  2 phantoms
  6 kobold brigands
  10 bullfrogs
  A gnoll sergeant (D:11)
  2 scorpions
  A wyvern zombie (D:6)
  A cane toad simulacrum (Lair:6)
  A killer bee (D:11)
  6 howler monkeys
  An electric eel (D:11)
  A crimson imp (Orc:2)
  4 centaur zombies
  2 komodo dragon simulacra (Lair:6)
  3 jellies (Lair:5)
  A bullfrog skeleton (D:5)
  2 hounds
  A centaur skeleton (D:6)
  A gnoll shaman (D:7)
  An iron imp (Orc:2)
  22 orc priests
  3 hell rats (Lair:4)
  A scorpion zombie (D:5)
  3 iguanas
  44 orc wizards
  3 killer bee zombies
  9 gnolls
  4 adders
  A shadow imp (Orc:2)
  2 white imps
  An adder skeleton (D:4)
  5 worms
  4 dart slugs
  102 orcs
  3 ball pythons
  8 endoplasms
  6 giant cockroaches
  13 goblins
  12 hobgoblins
  7 jackals
  51 kobolds
  3 quokkas
  2 bats
  4 frilled lizards
  6 rats
818 creatures vanquished.

Vanquished Creatures (collateral kills)
  A fire giant (D:14)
  A fire dragon (D:14)
  2 hydras
  An alligator (Lair:5)
  2 death yaks
  A shock serpent (shapeshifter) (D:12)
  A wizard (D:15)
  A deep elf pyromancer (D:14)
  6 ugly things
  A gargoyle (D:9)
  A cane toad (Lair:4)
  A kobold demonologist (D:12)
  4 efreet
  A troll (D:14)
  A slime creature (D:14)
  2 vampire mosquitoes (D:10)
  2 orc warriors (Orc:2)
  A bullfrog (Lair:2)
  An orc wizard (Orc:2)
  3 hell rats (Lair:4)
  An orc (Orc:2)
  14 foxfires
49 creatures vanquished.

Vanquished Creatures (others)
  A fire elemental (Elf:1)
  2 orcs
  1660 foxfires
  54 fungi
  7 pillars of salt (Elf:1)
  90 plants
  7 withered plants (D:15)
1821 creatures vanquished.

Grand Total: 2688 creatures vanquished

Notes
Turn   | Place    | Note
-------+----------+-------------------------------------------
     0 | D:1      | FIQ the Djinni Wanderer began the quest for the Orb.
     0 | D:1      | Reached XP level 1. HP: 15/15 MP: 0/0
   424 | D:1      | Reached XP level 2. HP: 18/21 MP: 0/0
   829 | D:1      | Found a faded altar of an unknown god.
  1052 | D:1      | Reached XP level 3. HP: 21/25 MP: 0/0
  1052 | D:1      | Learned a level 1 spell: Foxfire
  1372 | D:1      | Found Efuodynn's Weapon Emporium.
  1870 | D:2      | Reached XP level 4. HP: 26/31 MP: 0/0
  2632 | D:2      | Found Leozeuk's Book Emporium.
  2837 | D:2      | Identified a scroll of acquirement
  2837 | D:2      | Acquired a +1 pair of gloves of stealth
  2934 | D:3      | Reached XP level 5. HP: 31/35 MP: 0/0
  2934 | D:3      | Learned a level 2 spell: Corpse Rot
  3852 | D:3      | Acquired a manual of Spellcasting
  3854 | D:3      | Acquired a manual of Fighting
  3941 | D:4      | Reached skill level 2 in Fighting
  3941 | D:4      | Reached XP level 6. HP: 35/43 MP: 0/0
  4027 | D:4      | Reached skill level 3 in Fighting
  4292 | D:4      | Noticed a black bear
  4324 | D:4      | Reached skill level 4 in Fighting
  4324 | D:4      | Reached XP level 7. HP: 47/52 MP: 0/0
  4324 | D:4      | Learned a level 3 spell: Vampiric Draining
  4636 | D:4      | Reached skill level 5 in Fighting
  5109 | D:5      | Entered Level 5 of the Dungeon
  5123 | D:5      | Reached skill level 6 in Fighting
  5192 | D:5      | Reached XP level 8. HP: 45/62 MP: 0/0
  5355 | D:5      | Noticed a two-headed ogre
  5361 | D:5      | Killed a two-headed ogre
  5362 | D:5      | Reached skill level 9 in Fighting
  5362 | D:5      | Reached skill level 10 in Spellcasting
  5362 | D:5      | Reached XP level 9. HP: 67/72 MP: 0/0
  5362 | D:5      | Learned a level 4 spell: Summon Ice Beast
  5939 | D:5      | Found an iron altar of Okawaru.
  6092 | D:5      | Found a stormy altar of Qazlal.
  6259 | D:5      | Reached skill level 10 in Fighting
  6577 | D:6      | Found a hide-covered altar of Uskayaw.
  6580 | D:6      | Found a shadowy altar of Dithmenos.
  6769 | D:6      | Noticed Edmund
  6780 | D:6      | Noticed Sigmund
  6790 | D:6      | Killed Edmund
  6791 | D:6      | Reached skill level 11 in Fighting
  6794 | D:6      | Killed Sigmund
  6966 | D:6      | Found a hazy altar of Hepliaklqana.
  7245 | D:6      | Found a glowing golden altar of the Shining One.
  7307 | D:6      | Reached XP level 10. HP: 48/84 MP: 0/0
  7522 | D:6      | Found Geeqal's General Store.
  7701 | D:7      | Identified the amulet of Ruegydie {Acrobat Will+ Dex+4
                  | Stlth+}
  7760 | D:7      | Found a flagged portal.
  7772 | Bailey   | Entered a bailey
  7786 | Bailey   | Noticed an orc knight
  7817 | Bailey   | Noticed an orc knight
  7977 | Bailey   | Killed an orc knight
  7978 | Bailey   | Reached skill level 12 in Fighting
  8103 | Bailey   | Killed an orc knight
  8578 | Bailey   | Reached skill level 13 in Fighting
  8824 | D:7      | Found Giasaise's Goods Gallery.
  8848 | D:7      | Found a staircase to the Ecumenical Temple.
 10141 | Temple   | Entered the Ecumenical Temple
 10227 | D:8      | Found a burning altar of Makhleb.
 10285 | D:8      | Noticed Erica
 10300 | D:8      | Killed Erica
 10301 | D:8      | Reached XP level 11. HP: 89/93 MP: 0/0
 10301 | D:8      | Learned a level 5 spell: Silence
 10349 | D:8      | Noticed Psyche
 10359 | D:8      | Killed Psyche
 11082 | D:8      | Found a staircase to the Lair.
 11188 | D:8      | Became a worshipper of Makhleb the Destroyer
 11229 | D:9      | Reached skill level 14 in Fighting
 11340 | D:9      | Noticed Erolcha
 11354 | D:9      | Killed Erolcha
 12016 | D:9      | Noticed Harold
 12030 | D:9      | Reached * piety under Makhleb
 12041 | D:9      | Killed Harold
 12388 | D:9      | Identified the +8 chain mail "Veemen" {rC+ Str+3 Int+3
                  | Slay+3}
 12633 | D:10     | Entered Level 10 of the Dungeon
 13067 | D:10     | Found Tyxzunlum's Assorted Antiques.
 13076 | D:10     | Bought a metallic cyan potion for 30 gold pieces
 13076 | D:10     | Bought 2 green potions for 61 gold pieces
 13076 | D:10     | Bought a scroll of identify for 68 gold pieces
 13148 | Lair:1   | Entered Level 1 of the Lair of Beasts
 13348 | Lair:1   | Reached XP level 12. HP: 46/101 MP: 0/0
 13670 | Lair:1   | Reached skill level 15 in Fighting
 14384 | Lair:2   | Noticed a seven-headed hydra
 14414 | Lair:2   | Killed a seven-headed hydra
 14558 | Lair:2   | Found a staircase to the Swamp.
 14578 | Lair:2   | Reached ** piety under Makhleb
 15978 | Lair:3   | HP: 5/103 [wolf (7)]
 16411 | Lair:3   | Noticed an eight-headed hydra
 16418 | Lair:3   | Killed an eight-headed hydra
 16419 | Lair:3   | Reached XP level 13. HP: 71/109 MP: 0/0
 16419 | Lair:3   | Learned a level 5 spell: Bolt of Magma
 16602 | Lair:3   | Identified the +9 falchion "Widowermaker" {speed, rC+
                  | Stlth+}
 16731 | Lair:3   | Reached skill level 16 in Fighting
 17350 | Lair:3   | Reached *** piety under Makhleb
 17986 | Lair:4   | Reached skill level 15 in Spellcasting
 18077 | Lair:4   | Found a staircase to the Snake Pit.
 18730 | Lair:4   | Found a transporter.
 18749 | Lair:4   | Found a transporter.
 19632 | Lair:3   | Reached skill level 17 in Fighting
 20166 | Lair:5   | Reached **** piety under Makhleb
 20237 | Lair:5   | Reached XP level 14. HP: 96/119 MP: 0/0
 20979 | Lair:5   | Found a staircase to the Slime Pits.
 21815 | Lair:5   | Identified the +4 leather armour of Shadows and Fog {*Slow
                  | +Blink rPois Will+++}
 22441 | Lair:6   | Entered Level 6 of the Lair of Beasts
 23156 | Lair:6   | Identified the +3 hand axe of the Eternal Void {vorpal,
                  | Int+2}
 23266 | Lair:6   | Reached skill level 18 in Fighting
 23699 | Lair:6   | Found a runed translucent gate.
 23699 | Lair:6   | Found a runed translucent gate.
 23699 | Lair:6   | Found a runed translucent gate.
 23919 | Lair:6   | Noticed Dwachs's ghost (journeyman OgFi)
 24041 | Lair:6   | Identified the ring "Zil Qian" {Fire Contam Fly rPois
                  | rCorr}
 24786 | Lair:6   | Reached XP level 15. HP: 59/127 MP: 0/0
 24786 | Lair:6   | Learned a level 6 spell: Invisibility
 26894 | D:10     | Reached ***** piety under Makhleb
 28716 | D:11     | Reached skill level 19 in Fighting
 30609 | D:12     | Noticed Hank's ghost (journeyman MiFi)
 30621 | D:12     | Found a staircase to the Orcish Mines.
 30631 | D:12     | Found a runed translucent gate.
 30631 | D:12     | Found a runed translucent gate.
 30631 | D:12     | Found a runed translucent gate.
 30780 | Orc:1    | Entered Level 1 of the Orcish Mines
 30840 | Orc:1    | Noticed Josephine
 30843 | Orc:1    | Killed Josephine
 30844 | Orc:1    | Reached XP level 16. HP: 117/135 MP: 0/0
 30863 | Orc:1    | Reached ****** piety under Makhleb
 31412 | Orc:2    | Entered Level 2 of the Orcish Mines
 32463 | Orc:2    | Found a staircase to the Elven Halls.
 32690 | Orc:2    | Found Xummoikk's General Store.
 32691 | Orc:2    | Found Eggasov's Book Boutique.
 32693 | Orc:2    | Found Mossut's Antique Armour Boutique.
 32693 | Orc:2    | Found Zyigot's Antique Weapon Shop.
 32698 | Orc:2    | Bought a masterwork cloak for 361 gold pieces
 32698 | Orc:2    | Identified the -6 cloak of Mylin {Int+4} (You bought it in
                  | a shop on level 2 of the Orcish Mines)
 32698 | Orc:2    | Bought a shiny helmet for 285 gold pieces
 32712 | Orc:2    | Bought a sapphire hand axe for 264 gold pieces
 32712 | Orc:2    | Identified the +0 hand axe "Concordance" {flame, rElec rC+
                  | Will+} (You bought it in a shop on level 2 of the Orcish
                  | Mines)
 32722 | Orc:2    | Bought a potion of heal wounds for 70 gold pieces
 32722 | Orc:2    | Bought a potion of heal wounds for 70 gold pieces
 32722 | Orc:2    | Bought a potion of curing for 42 gold pieces
 33159 | Orc:2    | Identified the +1 robe of Resourcefulness {Int+4}
 33292 | Elf:1    | Entered Level 1 of the Elven Halls
 33310 | Elf:1    | HP: 6/137 [+0 dire flail of protection (30)]
 33311 | Elf:1    | Found a crumbling gateway.
 33556 | D:12     | Killed Hank's ghost
 33557 | D:12     | Reached skill level 20 in Fighting
 33918 | D:13     | Noticed Nessos
 33926 | D:13     | Killed Nessos
 34044 | D:13     | Found a portal to a secret trove of treasure.
 34937 | D:14     | Reached XP level 17. HP: 144/144 MP: 0/0
 34937 | D:14     | Learned a level 7 spell: Monstrous Menagerie
 35021 | D:14     | Found a gate to the Vaults.
 35164 | D:14     | HP: 6/144 [manticore (8)]
 35716 | D:14     | Found an ornate altar of the Wu Jian Council.
 35961 | D:14     | Noticed Agnes
 35972 | D:14     | Killed Agnes
 36321 | D:14     | Reached skill level 21 in Fighting
 36551 | D:14     | HP: 4/146 [yaktaur captain (19)]
 36924 | D:15     | Entered Level 15 of the Dungeon
 37506 | D:15     | Identified the +7 long sword "Ogrebane" {vorpal, +Rage rC-
                  | rCorr Str+5}
 37648 | D:14     | Killed from afar by a necromancer

Illustrated notes

Levels and vault maps discovered:
D:1:      nicolae_arrival_somewhat_less_tricky_arrival, layout_basic,
          hellmonk_ecumenical_altar_leap_of_faith, serial_shops,
          nicolae_shop_behind_doors
D:2:      minmay_wonky_spiral, layout_rooms, serial_shops, nicolae_shop_trees
D:3:      layout_rooms
D:4:      layout_basic, nicolae_vehumet_altar_sigil, palyth_stone_intersect
D:5:      layout_gridville, mainiacjoe_overflow_two_lobes
D:6:      layout_loops_ring, grunt_temple_overflow_cloverleaf,
          general_overflow_altar, serial_shops, nicolae_shop_window_shopping,
          sigmund_edmund_badplayer
D:7:      layout_basic, minmay_temple_entry_statues_fountains, enter_bailey_3,
          serial_glass, glass_columns_c, glass_columns_b, glass_columns_b,
          nicolae_alphabet_shops
D:8:      layout_loops_ring, mainiacjoe_overflow_tiny_flanked, lair_entry_dummy,
          uniq_psyche, uniq_erica
D:9:      layout_roguey, moated_statue, uniq_harold, uniq_erolcha
D:10:     layout_irregular_city, serial_rivers, chequers_serial_rivers_room_a,
          chequers_serial_rivers_micro_b, chequers_serial_rivers_micro_a,
          chequers_serial_rivers_micro_b, chequers_serial_rivers_micro_d,
          serial_shops, nicolae_shop_temple_entry_statues_fountains
D:11:     layout_rooms, kennysheep_flooded_box, onia_ninara_cookie
D:12:     layout_roguey, orc_0_dummy, gammafunk_ghost_split
D:13:     layout_loops_cross, nicolae_trove_entry_free_sample, uniq_nessos
D:14:     minmay_nested_s, layout_irregular_city, erik_vaults_2,
          pdpol_wu_jian_five_deadly_venoms, uniq_agnes
D:15:     gammafunk_depths_entry_grave, layout_basic, serial_glass,
          glass_columns_a, glass_columns_a, glass_columns_a, glass_columns_b
Temple:   cyrus_circular_temple
Lair:1:   layout_big_grid
Lair:2:   layout_gridlike, skrybe_swamp_entry_bodies, grunt_megastairs_2
Lair:3:   layout_regular_city, serial_bayou_pond_e, grunt_megastairs_3
Lair:4:   gammafunk_cloud_chamber, layout_loops_ring,
          minmay_snake_entry_guardpost_small, kennysheep_catoblepas_arena
Lair:5:   nzn_winding_woodlands_cross [nzn_winding_woodlands_5x15_zeroes,
          nzn_winding_woodlands_5x15_split_checker,
          nzn_winding_woodlands_5x15_parted,
          nzn_winding_woodlands_5x15_river_crossing,
          nzn_winding_woodlands_15x15_five_gardens], layout_regular_city,
          minmay_slime_entry_pillars
Lair:6:   evilmike_catoblepas_cave, layout_small_grid, basic_altar,
          gammafunk_ghost_icy
Orc:1:    layout_diamond_mine, uniq_josephine
Orc:2:    st_orc_congregation, layout_caves, hangedman_minor_magic
Elf:1:    layout_geoelf_octagon, serial_shops, shop,
          portal_desolation_entry_garden, hangedman_elf_represent

Skill      XL: |  1  2  3  4  5  6  7  8  9 10 11 12 13 14 15 16 17 |
---------------+----------------------------------------------------+-----
Spellcasting   | 7 8 9 10 11 13 14 15 16 17 18 | 18.3
Fighting       | 2 4 6 9 11 13 14 15 17 18 19 20 21 | 21.2
Shields        | |  1.0
Evocations     | |  1.0

Action                   |  1- 3 |  4- 6 |  7- 9 | 10-12 | 13-15 | 16-18 || total
-------------------------+-------+-------+-------+-------+-------+-------++-------
Melee: Falchion          |       |       |       |       |     7 |       ||     7
       Hand axe          |       |       |       |       |       |    14 ||    14
 Cast: Magic Dart        |    38 |     1 |       |       |       |       ||    39
       Foxfire           |    41 |   146 |   225 |   500 |   107 |     2 ||  1021
       Corpse Rot        |       |     1 |       |       |     2 |     1 ||     4
       Vampiric Draining |       |       |     7 |   181 |   261 |   184 ||   633
       Mephitic Cloud    |       |       |     5 |    37 |   117 |    43 ||   202
       Summon Ice Beast  |       |       |       |    11 |    42 |    41 ||    94
       Blink             |       |       |       |     1 |    12 |     5 ||    18
       Slow              |       |       |       |     1 |     4 |       ||     5
       Bolt of Magma     |       |       |       |       |   330 |   369 ||   699
       Invisibility      |       |       |       |       |     1 |     1 ||     2
       Monstrous Menager |       |       |       |       |       |    15 ||    15
  Use: Scroll            |     2 |     9 |     1 |    11 |    11 |     5 ||    39
       Potion            |       |       |       |     4 |     2 |     8 ||    14
 Stab: Sleeping          |       |       |       |       |       |     1 ||     1
Armor: Robe              |       |     4 |    10 |     5 |       |       ||    19
       Steam dragon scal |       |       |       |   102 |   102 |       ||   204
       Troll leather arm |       |       |       |       |    14 |   139 ||   153
Dodge: Dodged            |     1 |     5 |    22 |   218 |   217 |   239 ||   702
       Rpst.: Falchion   |       |       |       |       |    48 |    18 ||    66
